 Dungeon Crawl Stone Soup version 0.26.1-11-gd32895ea62 (webtiles) character file.

Game seed: 3299027113093126134

294 infcreate the Sneak (level 6, -2/34 HPs)
             Began as a Vampire Enchanter on Apr 26, 2021.
             Slain by a wight
             ... wielding a +0 long sword
              (8 damage)
             ... on level 3 of the Dungeon.
             The game lasted 00:12:41 (5120 turns).

infcreate the Sneak (Vampire Enchanter)             Turns: 5120, Time: 00:12:42

Health: -2/34      AC:  2    Str:  7    XL:     6   Next: 11%
Magic:  8/10       EV: 14    Int: 18    God:
Gold:   136        SH:  0    Dex: 16    Spells: 4/10 levels left

rFire    . . .     SeeInvis +   a - +1 dagger
rCold    + + .     Faith    .   (no shield)
rNeg     + + +     Spirit   .   b - +0 robe
rPois    ∞         Reflect  .   (no helmet)
rElec    .         Harm     .   (no cloak)
rCorr    .         Rampage  .   (no gloves)
Will     .....                  (no boots)
Stlth    +++++.....             (no amulet)
HPRegen  0.00/turn              (no ring)
MPRegen  0.12/turn              (no ring)

@: bloodless
A: fangs 3, see invisible, unbreathing
a: Bat Form, Revivify


You were on level 3 of the Dungeon.
You visited 1 branch of the dungeon, and saw 4 of its levels.

You collected 136 gold pieces.


Innate Abilities, Weirdness & Mutations

You do not regenerate when monsters are visible.
You are frail without blood (-20% HP).
You can heal yourself when you bite living creatures.
You are immune to poison.
You have razor-sharp teeth.
You have supernaturally acute eyesight. (SInv)
You can survive without breathing.


   Skills:
 + Level 1.4 Fighting
 * Level 3.0 Short Blades
 * Level 3.7 Dodging
 * Level 6.0 Stealth
 + Level 2.7 Spellcasting
 * Level 5.9 Hexes


You had 4 spell levels left.
You knew the following spells:

 Your Spells              Type           Power        Failure   Level
c - Corona                Hex            25%          1%          1
e - Ensorcelled Hibernat  Hex/Ice        26%          8%          2
t - Confusing Touch       Hex            23%          4%          3

Your spell library contained the following spells:

 Spells                   Type           Power        Failure   Level
 Tukima's Dance           Hex            23%          4%          3
 Dazzling Flash           Conj/Hex       26%          16%         3

Inventory:

Hand Weapons
 a - a +1 dagger (weapon)
Armour
 b - a +0 robe (worn)
 l - a +1 robe of the Archmagi
Jewellery
 n - an uncursed ring of poison resistance {unknown}
Scrolls
 c - a scroll of blinking
 d - a scroll of identify {@r1}
 f - a scroll of amnesia
 g - 2 scrolls of remove curse {@r2}
 i - 2 scrolls of teleportation {@r4}
 m - a scroll of noise {unknown}
Potions
 e - 2 potions of attraction
 h - a potion of curing {unknown}
 j - a potion of might {unknown}
 k - a potion of resistance {unknown}
 o - a potion of haste {unknown}

Dungeon Overview and Level Annotations

Branches:
Dungeon (4/15)
 Temple: D:4-7

Altars:
Elyvilon
Fedhas
Nemelex Xobeh
Qazlal
Trog
Xom
Yredelemnul
Zin

#.# ##########.### #.#
#.......##.### ##.##
#.......##.... #...#
#.......###### #...#
#...#...# #.. #...#
#.......# #.# ##.##
#.......# #.#
##.#####.......## #.#
#..>@z.##.....).# #.#
#..###.##.#.###.###.#
#..###.##...........#
#...................#
#######
#.####.##.▒.....▒...#
......#
#.####.##...........#
#####.#
#......##.▒.⌠.⌠.▒...#
#####.#
#############..........##
...##.# #...###
#.▒.....▒..##


You could see a wight (confused).


Message History

The wight barely misses you. The wight barely misses you.
There is an open door here.
There is a stone staircase leading up here.
Casting: Ensorcelled Hibernation (safe; 8% risk of failure)
Confirm with . or Enter, or press ? or * to list all spells.
Your hands begin to glow red.
The wight closely misses you.
You climb upwards.
There is a stone staircase leading down here.
You hit the wight but do no damage.
The wight appears confused.
You barely miss the wight.
The wight hits you with a +0 long sword.
You hit the wight.
The wight is lightly damaged.
The wight hits you but does no damage.
You hit the wight but do no damage.
The wight is lightly damaged.
You hit the wight but do no damage.
The wight is lightly damaged.
You hit the wight but do no damage. You bite the wight.
The wight is lightly damaged.
The wight hits you with a +0 long sword!
* * * LOW HITPOINT WARNING * * *
You hit the wight but do no damage.
The wight is lightly damaged.
You hit the wight but do no damage.
The wight is lightly damaged.
The wight hits you with a +0 long sword!
You die...

Skill      XL: |  1  2  3  4  5 |
---------------+----------------+-----
Short Blades   | 2 3 |  3.0
Stealth        | 5 6 |  6.0
Hexes          | 5 |  5.9
Dodging        | 3 |  3.7
Fighting       | 1 |  1.4
Spellcasting   | |  2.7

Action                   |  1- 3 |  4- 6 || total
-------------------------+-------+-------++-------
Melee: Dagger            |   101 |    82 ||   183
       Bite              |     6 |     8 ||    14
 Cast: Corona            |    21 |     5 ||    26
       Ensorcelled Hiber |    25 |    26 ||    51
       Confusing Touch   |       |     7 ||     7
 Abil: Exsanguinate      |     1 |       ||     1
  Use: Scroll            |     1 |     4 ||     5
 Stab: Sleeping          |    21 |    29 ||    50
       Confused          |       |     5 ||     5
Armor: Robe              |    10 |     7 ||    17
Dodge: Dodged            |    87 |    30 ||   117

Levels and vault maps discovered:
D:1:      sevenhm_arrival_forest_fort_small_4, layout_loops_ring
D:2:      minmay_alternating_diamond, layout_rooms,
          grunt_temple_overflow_forces_of_nature, overflow_temple_1_default,
          uniq_terence
D:3:      layout_loops_cross, elyvilon_altar_5, minitemple
D:4:      layout_basic, kennysheep_little_box, uniq_robin

Notes
Turn   | Place    | Note
-------+----------+-------------------------------------------
     0 | D:1      | infcreate the Vampire Enchanter began the quest for the
                  | Orb.
     0 | D:1      | Reached XP level 1. HP: 13/13 MP: 3/3
   478 | D:1      | Reached XP level 2. HP: 14/15 MP: 1/5
   481 | D:1      | Learned a level 2 spell: Ensorcelled Hibernation
  1734 | D:1      | HP: 1/16 [jackal (3)]
  2118 | D:1      | Reached XP level 3. HP: 20/20 MP: 3/6
  2285 | D:2      | Found a shimmering altar of Xom.
  2285 | D:2      | Found a stormy altar of Qazlal.
  2285 | D:2      | Noticed Terence
  2286 | D:2      | Found a blossoming altar of Fedhas.
  2294 | D:2      | Killed Terence
  2295 | D:2      | Reached skill level 2 in Short Blades
  2295 | D:2      | Reached skill level 5 in Stealth
  2295 | D:2      | Reached skill level 5 in Hexes
  2620 | D:2      | Reached XP level 4. HP: 24/24 MP: 4/7
  3001 | D:3      | Reached skill level 3 in Dodging
  3129 | D:3      | Found a white marble altar of Elyvilon.
  3258 | D:3      | Reached skill level 1 in Fighting
  3322 | D:3      | Learned a level 3 spell: Confusing Touch
  3395 | D:3      | Found a sparkling altar of Nemelex Xobeh.
  3396 | D:3      | Found a basalt altar of Yredelemnul.
  3399 | D:3      | Found a glowing silver altar of Zin.
  3401 | D:3      | Found a bloodstained altar of Trog.
  3613 | D:3      | Identified a +1 robe of the Archmagi
  3936 | D:3      | Reached XP level 5. HP: 29/29 MP: 3/8
  4876 | D:4      | Reached skill level 3 in Short Blades
  4889 | D:4      | Reached skill level 6 in Stealth
  4889 | D:4      | Reached XP level 6. HP: 34/34 MP: 4/10
  5120 | D:3      | Slain by a wight

Vanquished Creatures
  A scorpion (D:4)
  A hound (D:4)
  A centaur skeleton (D:4)
  A bullfrog skeleton (D:4)
  Terence (D:2)
  An orc wizard (D:3)
  3 adders (D:3)
  A worm (D:2)
  2 leopard geckos
  9 orcs
  A ball python (D:4)
  6 giant cockroaches
  8 goblins
  7 hobgoblins
  5 jackals
  2 quokkas (D:2)
  6 bats
  6 frilled lizards
  2 kobolds
  6 rats
70 creatures vanquished.

Table legend: (Time is in decaauts)
 A = Elapsed time spent in this place.
 B = Non-inter-level travel time spent in this place.
 C = Inter-level travel time spent in this place.
 D = Time resting spent in this place.
 E = Time spent auto-exploring this place.
 F = Levels seen in this place.
 G = Mean time per level.
                   A        B        C        D        E       F      G
               +--------+--------+--------+--------+--------+-----+--------+
         Total |   5118 |   4896 |    222 |   1280 |   2423 |   4 | 1279.5 |
       Dungeon |   5118 |   4896 |    222 |   1280 |   2423 |   4 | 1279.5 |
               +--------+--------+--------+--------+--------+-----+--------+

Top non-repeatable levels by time:
     D:1: 2289 daAuts
     D:3: 1388 daAuts
     D:2: 1009 daAuts
     D:4: 431 daAuts

Table legend:
 A = Non-vault XP
 B = Vault XP
 C = Vault XP percentage of total XP
 D = Non-vault monster count
 E = Vault monster count
 F = Vault count percentage of total count
                 A         B        C        D         E       F
            +---------+---------+-------+---------+---------+-------
      Total |     375 |      46 |  10.9 |      64 |       6 |   8.6
            +---------+---------+-------+---------+---------+-------
        D:1 |      47 |       0 |   0.0 |      27 |       0 |   0.0
        D:2 |      20 |      46 |  69.7 |      10 |       6 |  37.5
        D:3 |     105 |       0 |   0.0 |      18 |       0 |   0.0
        D:4 |     203 |       0 |   0.0 |       9 |       0 |   0.0
            +---------+---------+-------+---------+---------+-------
